 Dungeon Sprint DCSS version 0.17-a0-1718-g72dbe4d (webtiles) character file.

700000 ztt the Severer (level 12, -2/100 HPs)
             Began as a Formicid Gladiator on Aug 25, 2015.
             Was an Initiate of Makhleb.
             Slain by a bag of meat
             ... wielding a +9 war axe
              (36 damage)
             ... in the Dungeon (Sprint VIII: "Arena of Blood").
             The game lasted 00:00:18 (7 turns).

ztt the Severer (Formicid Gladiator)                   Turns: 7, Time: 00:00:18

Health: -2/100     AC:  3    Str: 25    XL:     12   Next: 28%
Magic:  12/12      EV: 20    Int:  8    God:    Makhleb [......]
Gold:   0          SH:  0    Dex: 11    Spells: 0 memorised, 11 levels left

rFire  . . .     SeeInvis +     k - +∞ Axe of Woe
rCold  . . .     Clarity  .     b - +0 leather armour
rNeg   . . .     SustAt   .     (no shield)
rPois  .         Gourm    .     (helmet unavailable)
rElec  .         Spirit   .     (no cloak)
rCorr  .         Warding  .     (no gloves)
rMut   .         Stasis   +     (no boots)
MR     +....                    (no amulet)
Stlth  +.........               (no ring)
                                (no ring)

@: somewhat resistant to hostile enchantments, very unstealthy
A: permanent stasis, dig shafts and tunnels, four strong arms, antennae 3
a: Dig, Renounce Religion


You were in the Dungeon.
You worshipped Makhleb.
Makhleb was noncommittal.
You were not hungry.

You visited 1 branch

Inventory:

Hand weapons
 a - a +0 war axe
 k - the +∞ Axe of Woe (weapon)
   (You found it in the Dungeon)
Missiles
 c - 3 throwing nets (quivered)
Armour
 b - a +0 leather armour (worn)
Scrolls
 j - a scroll of blinking
Potions
 e - a potion of curing
 f - a potion of heal wounds
 g - a potion of haste
 h - 2 potions of magic
 i - a potion of berserk rage
Comestibles
 d - a bread ration


   Skills:
 + Level 11.1 Fighting
 + Level 18.0 Axes
 + Level 8.3 Throwing
 + Level 16.5 Dodging


You had 11 spell levels left.
You didn't know any spells.

Dungeon Overview and Level Annotations

Branches:
Dungeon (1/1)

Altars:
Makhleb


Innate Abilities, Weirdness & Mutations

You are under a permanent stasis effect.
You can dig through walls and to a lower floor.
Your four strong arms can wield two-handed weapons with a shield.
You have a pair of large antennae on your head (SInv).


Message History

Your experience leads to an increase in your attributes!
Increase (S)trength, (I)ntelligence, or (D)exterity?
You feel stronger.
You have reached level 7!
You have reached level 8!
You feel clever.
You have reached level 9!
Your experience leads to an increase in your attributes!
Increase (S)trength, (I)ntelligence, or (D)exterity?
You feel stronger.
You have reached level 10!
You have reached level 11!
You have reached level 12!
Your experience leads to an increase in your attributes!
Increase (S)trength, (I)ntelligence, or (D)exterity?
You feel stronger. x2
You hear a shout! x8
The bag of meat hits you with a +9 war axe!
The bag of meat hits you with a +9 war axe!!!
You die...

#.. ..#{
...###... ..###.
........###...o..
#........_.....
O.... #.....#
......#_.<._# .
.....O#.....#....
#....o.o._.......
.....o)@###......
...###..o....###.
{ #.....o.# {
#.......#
....o.....
...........
........o..
...........#


You could see 2 meat berserkers and 8 bags of meat.

Vanquished Creatures
  An orc (D)
1 creature vanquished.

Notes
Turn   | Place    | Note
--------------------------------------------------------------
     0 | D        | ztt the Formicid Gladiator began the quest for the Orb.
     0 | D        | Reached XP level 1. HP: 16/16 MP: 1/1
     2 | D        | Noticed a bag of meat
     2 | D        | Noticed a bag of meat
     4 | D        | Became a worshipper of Makhleb the Destroyer
     5 | D        | Noticed a bag of meat
     5 | D        | Noticed a bag of meat
     5 | D        | Noticed a bag of meat
     6 | D        | Noticed a bag of meat
     6 | D        | Noticed a bag of meat
     6 | D        | Noticed a meat berserker
     7 | D        | Noticed a bag of meat
     7 | D        | Killed a bag of meat
     7 | D        | Reached skill level 11 in Fighting
     7 | D        | Reached skill level 18 in Axes
     7 | D        | Reached XP level 2. HP: 19/37 MP: 2/2
     7 | D        | Reached XP level 3. HP: 22/43 MP: 3/3
     7 | D        | Reached XP level 4. HP: 25/50 MP: 4/4
     7 | D        | Reached XP level 5. HP: 27/55 MP: 5/5
     7 | D        | Reached XP level 6. HP: 30/62 MP: 6/6
     7 | D        | Reached XP level 7. HP: 32/68 MP: 7/7
     7 | D        | Reached XP level 8. HP: 35/75 MP: 8/8
     7 | D        | Reached XP level 9. HP: 37/81 MP: 9/9
     7 | D        | Reached XP level 10. HP: 39/87 MP: 10/10
     7 | D        | Reached XP level 11. HP: 41/93 MP: 11/11
     7 | D        | Reached XP level 12. HP: 44/100 MP: 12/12
     7 | D        | Slain by a bag of meat

Vault maps used:
D:        meatsprint

Action                   |  1- 3 |  4- 6 |  7- 9 | 10-12 || total
-------------------------+-------+-------+-------+-------++-------
Melee: Executioner's axe |     1 |       |       |       ||     1
